 Dungeon Crawl Stone Soup version 0.14.0-12-g87ee3b7 (webtiles) character file.

535 Deemzul the Insei (level 6, -3/42 HPs)
             Began as an Octopode Monk on Apr 15, 2014.
             Slain by an orc priest (5 damage)
             ... on Level 5 of the Dungeon.
             The game lasted 00:04:17 (3348 turns).

Deemzul the Insei (Octopode Monk)                   Turns: 3348, Time: 00:04:17

HP  -3/42        AC  1     Str 11      XL: 6   Next: 63%
MP   6/6         EV 13     Int 10 (12) God:
Gold 180         SH  0     Dex 16      Spells:  0 memorised,  5 levels left

rFire  . . .     SeeInvis .       - Unarmed
rCold  . . .     Clarity  .     (no shield)
rNeg   . . .     Conserve .     (helmet restricted)
rPois  .         rCorr    .     k - amulet of stasis
rElec  .         rRot     .     a - ring of teleport control
SustAb . .       Spirit   .     (no ring)
rMut   .         Warding  .     (no ring)
Saprov . . .     Stasis   +     (no ring)
MR     .....                    (no ring)
                                (no ring)
                                (no ring)
                                (no ring)

@: not resistant to hostile enchantments, quite stealthy
A: almost no armour, amphibious, 8 rings, constrict 8, camouflage 1, gelatinous
body 1
a: Evoke Teleport Control


You were on level 5 of the Dungeon.
You were very hungry.

You visited 1 branch of the dungeon, and saw 5 of its levels.

You collected 180 gold pieces.

Inventory:

Magical devices
 e - a wand of flame (2)
Comestibles
 b - 3 bread rations
 d - a beef jerky
 h - 2 meat rations
 n - a pear
Scrolls
 f - 2 scrolls of enchant armour {unknown}
 g - 4 scrolls of identify {unknown}
 i - a scroll of noise {unknown}
 j - a scroll of immolation {unknown}
 l - a scroll of amnesia {unknown}
 m - a scroll of magic mapping {unknown}
 o - a scroll of random uselessness {unknown}
Jewellery
 a - a ring of teleport control (left tentacle)
 k - an amulet of stasis (around mantle)
Potions
 c - a potion of brilliance


   Skills:
 + Level 3.4 Fighting
 - Level 3.0 Dodging
 - Level 2.6 Stealth
 * Level 7.5 Unarmed Combat


You had 5 spell levels left.
You didn't know any spells.

Dungeon Overview and Level Annotations

Branches:
Dungeon (5/15)
 Temple: D:4-7

Altars:
Xom
The Shining One
Jiyva


Innate Abilities, Weirdness & Mutations

You cannot wear most types of armour.
You are amphibious.
You can wear up to eight rings at the same time.
You can use your tentacles to constrict many enemies at once.
Your skin changes colour to match your surroundings (Stlth).
Your rubbery body absorbs attacks (AC +1).


Message History

Drink which item? (? for menu, Esc to quit)
Okay, then.
You release your grip on the orc.
The orc priest invokes the aid of Beogh against you.
Something smites you!
The orc grunts repeatedly.
The orc hits you with a whip.
* * * LOW HITPOINT WARNING * * *
Unknown command.
The orc priest hits you.
* * * LOW HITPOINT WARNING * * *
The orc hits you with a whip.
* * * LOW HITPOINT WARNING * * *
Unknown command.
Read which item? (? for menu, Esc to quit)
Okay, then.
Unknown command.
An ooze comes into view.
The orc priest hits you.
You die...

###.##..................%#
#.........................
#.......#.............#..
#.......###+#.........#.
#.......###...#........
#.......#..............#
#.......#..............#
#.......#.....o........#
#.......#.....@..........
#.......#.#...#oJ......J.
###.#####.#...#........_J
#.# # #..J#......... #.#
#...######.... #.#
#o.?.........# #.#
............. . #.#
####.......... #.#
#.....oo...


You could see an ooze (wandering), a jelly, an orc priest and 2 orcs.

Vanquished Creatures
  2 ogres
  A worker ant (D:4)
  7 adders
  2 giant mites
  2 worms (D:3)
  A giant eyeball (D:4)
  2 oozes
  5 orcs (D:3)
  2 giant cockroaches
  15 goblins
  5 hobgoblins
  8 kobolds
  A ball python (D:1)
  7 bats
  3 giant geckos
  4 giant newts
  2 quokkas
  14 rats
83 creatures vanquished.

Notes
Turn   | Place    | Note
--------------------------------------------------------------
     0 | D:1      | Deemzul, the Octopode Monk, began the quest for the Orb.
     0 | D:1      | Reached XP level 1. HP: 16/16 MP: 1/1
    77 | D:1      | Reached XP level 2. HP: 10/21 MP: 2/2
   502 | D:1      | Reached XP level 3. HP: 26/26 MP: 3/3
   641 | D:2      | Reached skill level 5 in Unarmed Combat
  1240 | D:2      | Reached XP level 4. HP: 31/31 MP: 4/4
  1275 | D:2      | Found a glowing golden altar of the Shining One.
  1686 | D:3      | Reached skill level 6 in Unarmed Combat
  1986 | D:3      | Reached XP level 5. HP: 31/36 MP: 5/5
  1999 | D:3      | Found a shimmering altar of Xom.
  1999 | D:3      | Found a shimmering altar of Xom.
  2000 | D:3      | Found a shimmering altar of Xom.
  2001 | D:3      | Found a shimmering altar of Xom.
  2095 | D:3      | Found a shimmering altar of Xom.
  2473 | D:4      | Noticed an ogre
  2481 | D:4      | Killed an ogre
  2481 | D:4      | Reached skill level 7 in Unarmed Combat
  2669 | D:4      | Reached XP level 6. HP: 22/42 MP: 6/6
  2962 | D:4      | Noticed a phantom
  3142 | D:5      | Entered Level 5 of the Dungeon
  3337 | D:5      | Found a viscous altar of Jiyva.
  3347 | D:5      | HP: 2/42 [orc/whip (6)]
  3348 | D:5      | Slain by an orc priest

Action                   |  1- 3 |  4- 6 || total
-------------------------+-------+-------++-------
Melee: Unarmed           |    81 |   102 ||   183
Evoke: Wand              |       |     1 ||     1
  Use: Potion            |     1 |     3 ||     4
 Stab: Sleeping          |     7 |     7 ||    14
